 Dungeon Crawl Stone Soup version 0.31-a0-810-ga77100ea1a (webtiles) character file.

Game seed: 10740024153142357078

880 dynsetu the Magician (level 7, -1/38 HPs)
             Began as a Deep Elf Summoner on Sept 22, 2023.
             Was an Initiate of Sif Muna.
             Killed from afar by a rime drake (23 damage)
             ... with an icy flash freeze
             ... created by the adversity of Qazlal
             ... on level 5 of the Dungeon.
             The game lasted 00:20:00 (4538 turns).

dynsetu the Magician (Deep Elf Summoner)            Turns: 4538, Time: 00:20:01

Health: -1/38      AC:  6    Str:  8 (9)  XL:     7   Next: 75%
Magic:  17/19      EV: 13    Int: 19      God:    Sif Muna [......]
Gold:   291        SH:  0    Dex: 14 (16) Spells: 3/19 levels left

rFire   + . .        z - +6 short sword of Defiance {vamp, *Rage rF+ rN++ rCorr}
rCold   . . .        (no shield)
rNeg    + + .        a - +0 robe
rPois   .            (no helmet)
rElec   .            c - +0 cloak
rCorr   +            e - +0 pair of gloves
SInv    .            (no boots)
Will    .....        m - amulet of regeneration
Stlth   +++          (no ring)
HPRegen 1.06/turn    (no ring)
MPRegen 0.16/turn

%: random rage (20%)
@: marked, on berserk cooldown
A: iridescent scales 1, deterioration 1, strong 1, sturdy frame 1
a: Renounce Religion


You were on level 5 of the Dungeon.
You worshipped Sif Muna.
Sif Muna was noncommittal.
You visited 2 branches of the dungeon, and saw 6 of its levels.

You collected 291 gold pieces.

Inventory:

Hand Weapons
 g - a +2 dagger of venom
 z - the +6 short sword of Defiance (weapon) {vamp, *Rage rF+ rN++ rCorr}
   (You found it on level 5 of the Dungeon)

   rF+:       It protects you from fire.
   rN++:      It greatly protects you from negative energy.
   *Rage:     It berserks you when you make melee attacks (+20% chance).
   rCorr:     It protects you from acid and corrosion.
Missiles
 j - a throwing net
Armour
 a - a +0 robe (worn)
 c - a +0 cloak (worn)
 e - a +0 pair of gloves (worn)
Jewellery
 f - an amulet of guardian spirit
 m - an amulet of regeneration (around neck)
 s - a ring of wizardry
 y - an amulet of the acrobat
Wands
 i - a wand of charming (12)
Scrolls
 d - 2 scrolls of enchant armour {unknown}
 k - a scroll of acquirement {unknown}
 n - 3 scrolls of identify {unknown}
 o - 3 scrolls of poison {unknown}
 p - 2 scrolls of enchant weapon {unknown}
 u - a scroll of blinking {unknown}
 w - a scroll of amnesia {unknown}
 x - a scroll of noise {unknown}
 A - a scroll of teleportation {unknown}
Potions
 b - a potion of magic
 h - a potion of mutation
 l - 3 potions of curing {unknown}
 q - a potion of brilliance {unknown}
 r - 2 potions of heal wounds {unknown}
 t - 2 potions of haste
 v - a potion of lignification {unknown}


   Skills:
 + Level 1.2 Fighting
 + Level 4.2 Short Blades
 + Level 4.0 Dodging
 + Level 4.3 Stealth
 + Level 6.7 Spellcasting
 + Level 0.4 Hexes
 + Level 6.3 Summonings


You had 3 spell levels left.
You knew the following spells:

 Your Spells              Type           Power      Damage    Failure   Level
a - Summon Small Mammal   Summ           100%       N/A       1%          1
b - Call Imp              Summ           60%        N/A       1%          2
c - Call Canine Familiar  Summ           30%        N/A       2%          3
d - Summon Guardian Gole  Hex/Summ       19%        N/A       8%          3
e - Sigil of Binding      Hex            7%         N/A       26%         3
f - Summon Lightning Spi  Summ/Air       18%        N/A       28%         4

Your spell library contained the following spells:

 Spells                   Type           Power      Damage    Failure   Level
 Kiss of Death            Conj/Necr      24%        2d7       11%         1
 Cigotuvi's Dreadful Rot  Necr/Pois/Air  12%        N/A       16%         2
 Confusing Touch          Hex            7%         N/A       26%         3
 Ignite Poison            Fire/Tmut/Pois 6%         N/A       30%         3
 Mephitic Cloud           Conj/Pois/Air  6%         N/A       30%         3
 Dimensional Bullseye     Hex/Tloc       3%         N/A       67%         4
 Leda's Liquefaction      Hex/Erth       3%         N/A       67%         4
 Dispel Undead            Necr           6%         3d8       71%         4
 Iskenderun's Mystic Bla  Conj/Tloc      6%         2d4       71%         4
 Manifold Assault         Tloc           6%         N/A       71%         4
 Freezing Cloud           Conj/Ice/Air   3%         6-21      96%         5
 Death Channel            Necr           3%         N/A       100%        6
 Dispersal                Tloc           3%         N/A       100%        6
 Disjunction              Tloc           3%         N/A       100%        8


Dungeon Overview and Level Annotations

Branches:
Dungeon (5/15)             Temple (1/1) D:4

Altars:
Cheibriados
Fedhas
Gozag
Kikubaaqudgha
Makhleb
Okawaru
Qazlal
Sif Muna
Trog
Vehumet
Xom
Yredelemnul
Zin

Shops:
D:3 *(


Innate Abilities, Weirdness & Mutations

You are partially covered in iridescent scales. (AC +2)
Your body sometimes deteriorates upon taking damage.
Your muscles are strong. (Str +4, Int/Dex -1)
Your movements are slightly less encumbered by armour. (ER -2)


Message History

A malevolent force fills the Dungeon...
With a horrendous wail, an alarm goes off!
A sentinel's mark forms upon you.
You feel yourself speed up.
Qazlal causes a mighty clap of thunder!
Qazlal incites the elements against you!
The divine experience drains your vigour!
You feel yourself slow down.
A wind drake and a rime drake come into view.
Casting: Call Canine Familiar (dangerous; 2% risk of failure)
Confirm with . or Enter, or press ? or * to list all spells.
You feel yourself speed up.
Unknown command.
You closely miss the wind drake.
Your hound barely misses the rime drake.
The wind drake flaps its wings at you. The air twists around and strikes you!
You hit the wind drake.
The wind drake is lightly wounded.
The rime drake breathes ice at you. The icy flash freeze hits your hound!!
Your hound dies!
Your hound's corpse disappears in a puff of smoke!
The wind drake closely misses you.
You hit the wind drake.
The wind drake is lightly wounded.
The wind drake exhales a fierce blast of wind!
The rime drake is knocked back by the gust of wind.
You are knocked back by the gust of wind.
You slam into the rock wall!
You hit the wind drake.
The wind drake is lightly wounded.
The wind drake flaps its wings at you. The air twists around and strikes you!
You puncture the wind drake!
You feel better.
The wind drake is moderately wounded.
The rime drake breathes ice at you. The icy flash freeze hits you!!
Ouch! That really hurt!
You die...

##.##
#..##
##..#
##.#
#.###
#...##
###.k#
##.#
#@#
#.k..#
######


You could see a wind drake (repels missiles, catching breath) and a rime drake
(catching breath).

Vanquished Creatures
  Sigmund (D:3)
  A howler monkey (D:4)
  A hound (D:5)
  An orc priest (D:3)
  A sleepcap (D:4)
  An iguana (D:5)
  Ijyb (D:3)
  An orc wizard (D:4)
  6 gnolls
  2 adders
  3 shadow imps (D:5)
  An ufetubus (D:3)
  3 worms
  4 dart slugs
  8 orcs
  3 ball pythons
  7 bats
  8 endoplasms
  4 giant cockroaches
  6 goblins
  3 hobgoblins
  4 jackals (D:4)
  A quokka (D:4)
  2 frilled lizards
  4 kobolds
  3 rats
80 creatures vanquished.

Vanquished Creatures (collateral kills)
  An ogre (D:5)
  An orc priest (D:4)
  2 gnolls (D:3)
  2 adders (D:2)
  A dart slug (D:1)
  3 orcs
  2 endoplasms (D:1)
  3 goblins (D:1)
  A hobgoblin (D:2)
  6 kobolds
  3 quokkas (D:1)
  2 bats (D:1)
  3 rats (D:2)
30 creatures vanquished.

Vanquished Creatures (others)
  Eustachio (D:4)
1 creature vanquished.

Grand Total: 111 creatures vanquished

Notes
Turn   | Place    | Note
-------+----------+-------------------------------------------
     0 | D:1      | dynsetu the Deep Elf Summoner began the quest for the Orb.
     0 | D:1      | Reached XP level 1. HP: 10/10 MP: 6/6
   119 | D:1      | Reached XP level 2. HP: 10/15 MP: 5/8
   125 | D:1      | Learned a level 2 spell: Call Imp
   462 | D:1      | Reached skill level 5 in Summonings
   773 | D:1      | Reached XP level 3. HP: 19/19 MP: 10/10
  1104 | D:2      | Learned a level 3 spell: Call Canine Familiar
  1263 | D:2      | Reached XP level 4. HP: 19/24 MP: 12/12
  1431 | D:2      | Reached skill level 1 in Short Blades
  2007 | D:3      | Noticed Ijyb
  2011 | D:3      | Gained mutation: Your body sometimes deteriorates upon
                  | taking damage. [potion of mutation]
  2011 | D:3      | Gained mutation: Your muscles are strong. (Str +4, Int/Dex
                  | -1) [potion of mutation]
  2011 | D:3      | Gained mutation: You are partially covered in iridescent
                  | scales. (AC +2) [potion of mutation]
  2011 | D:3      | Gained mutation: Your movements are slightly less
                  | encumbered by armour. (ER -2) [potion of mutation]
  2023 | D:3      | Killed Ijyb
  2067 | D:3      | Noticed Sigmund
  2078 | D:3      | Found Tessih's Antique Weapon Shoppe.
  2116 | D:3      | Reached XP level 5. HP: 28/28 MP: 9/13
  2172 | D:3      | Learned a level 3 spell: Summon Guardian Golem
  2361 | D:3      | Killed Sigmund
  2362 | D:3      | Reached skill level 5 in Spellcasting
  2362 | D:3      | Reached XP level 6. HP: 33/33 MP: 11/15
  2403 | D:3      | Found an opulent altar of Gozag.
  2408 | D:3      | Found Gozag's Platinum Reserve.
  3278 | D:4      | Reached skill level 1 in Fighting
  3351 | D:4      | Noticed Eustachio
  3403 | D:4      | Killed Eustachio
  3404 | D:4      | Reached XP level 7. HP: 38/38 MP: 6/17
  3495 | D:4      | Found a stormy altar of Qazlal.
  3504 | D:4      | Became a worshipper of Qazlal Stormbringer
  3591 | D:4      | Learned a level 3 spell: Sigil of Binding
  3692 | D:4      | Found a staircase to the Ecumenical Temple.
  3697 | Temple   | Entered the Ecumenical Temple
  4110 | D:5      | Entered Level 5 of the Dungeon
  4123 | D:5      | Learned a level 4 spell: Summon Lightning Spire
  4284 | D:5      | Got a decrepit book
  4324 | D:5      | Identified the +6 short sword of Defiance {vamp, *Rage rF+
                  | rN++ rCorr}
  4444 | D:5      | Found a shimmering blue altar of Sif Muna.
  4447 | D:5      | Fell from the grace of Qazlal
  4447 | D:5      | Became a worshipper of Sif Muna the Loreminder
  4533 | D:5      | Noticed a wind drake
  4533 | D:5      | Noticed a rime drake
  4538 | D:5      | Killed from afar by a rime drake

Illustrated notes

Levels and vault maps discovered:
D:1:      lightli_arrival_chessboard, layout_loops_ring
D:2:      layout_loops_ring, lexackson_kobold_supper
D:3:      layout_basic, nicolae_gozag_zags_fifth_avenue, serial_shops, shop,
          kennysheep_flooded_box, nicolae_grassy_gnolls, uniq_ijyb, uniq_sigmund
D:4:      layout_loops_ring, grunt_qazlal_sundering, temple_doors_e,
          kennysheep_orc_chapel, uniq_eustachio
D:5:      layout_basic, lemuel_blue_sif_altar, ebering_ghost_reflecting_pool,
          uniq_grinder
Temple:   cyrus_temple_forest

Skill      XL: |  1  2  3  4  5  6  7 |
---------------+----------------------+-----
Summonings     | 5 6 |  6.3
Spellcasting   | 4 5 6 |  6.7
Short Blades   | 1 2 3 4 |  4.2
Stealth        | 3 4 |  4.3
Dodging        | 3 4 |  4.0
Fighting       | 1 |  1.2
Hexes          | |  0.4

Action                     |  1- 3 |  4- 6 |  7- 9 || total
---------------------------+-------+-------+-------++-------
  Melee: Dagger            |    80 |   249 |    59 ||   388
         Punch             |     1 |     4 |     1 ||     6
         Short sword       |       |       |     8 ||     8
   Cast: Summon Small Mamm |    24 |     9 |     2 ||    35
         Call Imp          |     7 |     4 |     3 ||    14
         Call Canine Famil |     1 |     8 |     5 ||    14
         Summon Guardian G |       |     1 |     2 ||     3
         Summon Lightning  |       |       |     1 ||     1
         Sigil of Binding  |       |       |     1 ||     1
    Use: Potion            |       |     4 |       ||     4
   Stab: Sleeping          |     7 |     9 |       ||    16
         Distracted        |       |     1 |     2 ||     3
 Armour: Robe              |    56 |   105 |    21 ||   182
  Dodge: Dodged            |    43 |   115 |    25 ||   183

Table legend: (Time is in decaauts)
 A = Elapsed time spent in this place.
 B = Non-inter-level travel time spent in this place.
 C = Inter-level travel time spent in this place.
 D = Time resting spent in this place.
 E = Time spent auto-exploring this place.
 F = Levels seen in this place.
 G = Mean time per level.
                   A        B        C        D        E       F      G
               +--------+--------+--------+--------+--------+-----+--------+
         Total |   4493 |   4321 |    172 |     45 |   3129 |   6 |  748.8 |
       Dungeon |   4420 |   4283 |    137 |     45 |   3129 |   5 |  884.0 |
        Temple |     72 |     37 |     35 |      0 |      0 |   1 |   72.0 |
               +--------+--------+--------+--------+--------+-----+--------+

Top non-repeatable levels by time:
     D:2: 1140 daAuts
     D:3: 1021 daAuts
     D:4: 1015 daAuts
     D:1: 810 daAuts
     D:5: 433 daAuts
  Temple: 72 daAuts
